 Dungeon Crawl Stone Soup version 0.22-a0-480-g991dd4b (webtiles) character file.

52 DrEnzyme the Conjurer (level 3, -6/27 HPs)
             Began as a Demonspawn Wanderer on June 15, 2018.
             Mangled by Sigmund
             ... wielding a +0 scythe
              (10 damage)
             ... on level 2 of the Dungeon.
             The game lasted 00:09:34 (1427 turns).

DrEnzyme the Conjurer (Demonspawn Wanderer)         Turns: 1427, Time: 00:09:34

Health: -6/27      AC:  6    Str: 14    XL:     3   Next: 60%
Magic:  4/4        EV: 10    Int: 12    God:
Gold:   25         SH:  0    Dex: 12    Spells: 3/4 levels left

rFire    + . .     SeeInvis .   g - +0 dagger
rCold    + . .     Gourm    .   (no shield)
rNeg     . . .     Faith    .   i - +1 ring mail
rPois    +         Spirit   .   (no helmet)
rElec    +         Reflect  .   (no cloak)
rCorr    +         Harm     .   (no gloves)
MR       .....                  (no boots)
Stlth    +.........             (no amulet)
HPRegen  0.09/turn              (no ring)
MPRegen  0.09/turn              (no ring)

@: resistant (expiring)
A: powered by death 1
a: no special abilities


You were on level 2 of the Dungeon.
You were not hungry.

You visited 1 branch of the dungeon, and saw 2 of its levels.

You collected 25 gold pieces.

Inventory:

Hand Weapons
 e - a +0 club
 g - a +0 dagger (weapon)
Armour
 d - a +0 robe
 i - a +1 ring mail (worn)
 k - a +0 scale mail
Jewellery
 j - a cursed amulet of inaccuracy
Scrolls
 h - a scroll of enchant armour
Comestibles
 f - 4 rations


   Skills:
 * Level 1.6 Fighting
 + Level 1.1 Maces & Flails
 - Level 1.0 Throwing
 * Level 1.4 Armour
 - Level 0.9 Dodging
 - Level 1.0 Stealth
 - Level 1.0 Spellcasting
 - Level 2.0 Conjurations
   Level 1.0 Translocations
   Level 1.7 Air Magic
   Level 1.7 Earth Magic


You had 3 spell levels left.
You knew the following spells:

 Your Spells              Type           Power        Failure   Level  Hunger
a - Flame Tongue          Conj/Fire      #....        38%         1    ##.....

Your spell library contained the following spells:

 Spells                   Type           Power        Failure   Level  Hunger
 Teleport Other           Tloc           #.......     77%         3    ####...
 Blink                    Tloc           N/A          52%         2    ###....
 Passage of Golubria      Tloc           N/A          99%         4    #####..
 Shroud of Golubria       Chrm/Tloc      #.........   58%         2    ###....
 Inner Flame              Hex/Fire       #.......     88%         3    ####...
 Gell's Gravitas          Tloc           #.........   77%         3    ####...
 Lesser Beckoning         Tloc           #.........   77%         3    ####...


Dungeon Overview and Level Annotations

Branches:
Dungeon (2/15)

Altars:

Annotations:
D:1 exclusion: downstairs
D:2 Sigmund


Innate Abilities, Weirdness & Mutations

You regenerate a little health from kills.


Message History

As you read the scroll labeled INGALA HECZYEH, it crumbles to dust.
It is a scroll of identify.
j - a cursed amulet of inaccuracy Sigmund shouts!
You hear a shout!
The leopard gecko barely misses you.
As you read the scroll labeled HOREMN MYABIU, it crumbles to dust.
You feel blessed for a moment.
It was a scroll of remove curse.
The leopard gecko closely misses you.
As you read the scroll labeled BEFUMU DIAMOMN, it crumbles to dust.
You hear the distant roaring of an enraged slug.
It was a scroll of random uselessness.
The leopard gecko barely misses you.
The leopard gecko bites you but does no damage.
Your ring mail prevents you from hitting the leopard gecko.
The leopard gecko closely misses you.
You hit the leopard gecko.
The leopard gecko is moderately wounded.
You start to feel less resistant.
The leopard gecko barely misses you.
Sigmund hits you from afar with a scythe!
You die...

.K..........
...#.......#
...#######.#
.. ######.#
#......#
#......##
#..@........#
#.l..........
#@.....#.####
########...
##. #


You could see Sigmund and a leopard gecko.

Vanquished Creatures
  An adder (D:2)
  2 oozes (D:1)
  3 dart slugs (D:1)
  3 bats (D:1)
  3 goblins (D:1)
  5 hobgoblins (D:1)
  2 jackals (D:1)
  A kobold (D:1)
  6 frilled lizards
  2 rats (D:1)
28 creatures vanquished.

Notes
Turn   | Place    | Note
-------+----------+-------------------------------------------
     0 | D:1      | DrEnzyme the Demonspawn Wanderer began the quest for the Orb.
     0 | D:1      | DrEnzyme set off with: a potion of curing, a +0 robe, a +0 club, a ration
     0 | D:1      | Reached XP level 1. HP: 13/13 MP: 2/2
     2 | D:1      | Learned a level 1 spell: Flame Tongue
   396 | D:1      | Gained mutation: You regenerate a little health from kills. [demonic ancestry]
   396 | D:1      | Reached XP level 2. HP: 8/20 MP: 1/3
   757 | D:1      | Reached skill level 1 in Fighting
   892 | D:1      | Reached skill level 1 in Armour
  1017 | D:1      | Reached skill level 1 in Maces & Flails
  1084 | D:1      | Reached XP level 3. HP: 25/26 MP: 4/4
  1300 | D:2      | Noticed Sigmund
  1392 | D:2      | HP: 1/27 [poisoned by an adder]
  1427 | D:2      | Mangled by Sigmund

Vault maps used:
D:1:      dpeg_arrival_erosion, palyth_stone_intersect, serial_park_tiny_pond
D:2:      uniq_sigmund

Skill      XL: |  1  2 |
---------------+-------+-----
Fighting       | 1 |  1.6
Armour         | 1 |  1.4
Maces & Flails | 1 |  1.1
Throwing       | |  1.0
Dodging        | |  0.9
Stealth        | |  1.0
Spellcasting   | |  1.0
Conjurations   | |  2.0
Translocations | |  1.0
Air Magic      | |  1.7
Earth Magic    | |  1.7

Action                   || total
-------------------------++-------
Melee: Club              ||   101
       Dagger            ||    21
 Cast: Flame Tongue      ||     3
  Use: Scroll            ||     5
       Potion            ||     2
  Eat: Chunk             ||     2
Armor: Robe              ||    16
       Ring mail         ||    34
Dodge: Dodged            ||    72

Table legend:
 A = Spawn XP
 B = Non-spawn XP
 C = Spawn XP percentage of total XP
 D = Spawn monster count
 E = Non-spawn monster count
 F = Spawn count percentage of total count
 G = Total turns spent on level
                    A         B        C        D         E        F      G
               +---------+---------+-------+---------+---------+-------+---------
         Total |       0 |      75 |   0.0 |       0 |      28 |   0.0 |  1427
               +---------+---------+-------+---------+---------+-------+---------
           D:1 |       0 |      61 |   0.0 |       0 |      26 |   0.0 |  1336
           D:2 |       0 |      14 |   0.0 |       0 |       2 |   0.0 |    91
               +---------+---------+-------+---------+---------+-------+---------
